| TOP OF THE 1ST |
|
Minnesota (NYP) Twins batting - Pitching for Los Angeles (NYP) Angels : RHP Javier Carrasco
|
|
Pitching: RHP Javier Carrasco
|
|
|
Batting: RHB Caleb Bockmann
|
0-0: Foul Ball, location: 2F 0-1: Foul Ball, location: 2F 0-2: Ball 1-2: Strikes out swinging
|
|
Batting: RHB Fhil Mikrakin
|
0-0: Ball 1-0: Fly out, F8 (Flyball, 8LD, EV 89.4 MPH)
|
|
Batting: LHB Hector Olvera
|
0-0: Swinging Strike 0-1: SINGLE (Flyball, 89S, EV 90.6 MPH) - OUT at second base trying to stretch hit.
|
| Top of the 1st over - 0 runs, 1 hit, 0 errors, 0 left on base; Minnesota (NYP) 0 - Los Angeles (NYP) 0 |
| BOTTOM OF THE 1ST |
|
Los Angeles (NYP) Angels batting - Pitching for Minnesota (NYP) Twins : LHP Sandy Benitez
|
|
Pitching: LHP Sandy Benitez
|
|
|
Batting: RHB Ken Hillman
|
0-0: Swinging Strike 0-1: Swinging Strike 0-2: Ball 1-2: Strikes out swinging, 2-3 out at first.
|
|
Batting: RHB Scott Webb
|
0-0: Called Strike 0-1: Fly out, F8 (Flyball, 8LD, EV 98.1 MPH)
|
|
Batting: RHB Dan Myers
|
0-0: Ball 1-0: Fly out, F7 (Flyball, 7D, EV 90.6 MPH)
|
| Bottom of the 1st over - 0 runs, 0 hits, 0 errors, 0 left on base; Minnesota (NYP) 0 - Los Angeles (NYP) 0 |
| TOP OF THE 2ND |
|
Minnesota (NYP) Twins batting - Pitching for Los Angeles (NYP) Angels : RHP Javier Carrasco
|
|
Batting: RHB Nate Matson
|
0-0: Ball 1-0: Ball 2-0: Called Strike 2-1: Called Strike 2-2: Fly out, F9 (Line Drive, 89D, EV 107.5 MPH)
|
|
Batting: LHB Marvin Shepherd
|
0-0: Ball 1-0: Ball 2-0: Ball 3-0: Swinging Strike 3-1: SINGLE (Groundball, 4MD, EV 108.1 MPH)
|
|
Batting: RHB Chris Bejarano
|
0-0: Called Strike 0-1: Ball Marvin Shepherd is caught stealing 2nd base 2-4 1-1: Fly out, F7 (Flyball, 78S, EV 79.4 MPH)
|
| Top of the 2nd over - 0 runs, 1 hit, 0 errors, 0 left on base; Minnesota (NYP) 0 - Los Angeles (NYP) 0 |
| BOTTOM OF THE 2ND |
|
Los Angeles (NYP) Angels batting - Pitching for Minnesota (NYP) Twins : LHP Sandy Benitez
|
|
Batting: RHB Ivan Barrientos
|
0-0: Ground out 5-3 (Groundball, 56S, EV 68.8 MPH)
|
|
Batting: LHB Mario Anguiano
|
0-0: Ground out U3 (Groundball, 34, EV 84.4 MPH)
|
|
Batting: RHB Aaron Bryant
|
0-0: Ball 1-0: Foul Ball, location: 2F 1-1: Swinging Strike 1-2: Strikes out swinging
|
| Bottom of the 2nd over - 0 runs, 0 hits, 0 errors, 0 left on base; Minnesota (NYP) 0 - Los Angeles (NYP) 0 |
| TOP OF THE 3RD |
|
Minnesota (NYP) Twins batting - Pitching for Los Angeles (NYP) Angels : RHP Javier Carrasco
|
|
Batting: LHB Ben Roth
|
0-0: Called Strike 0-1: Ball 1-1: Called Strike 1-2: Foul Ball, location: 2F 1-2: Strikes out swinging
|
|
Batting: RHB Fernando Bravo
|
0-0: Called Strike 0-1: Ball 1-1: Ground out 6-3 (Groundball, 6, EV 109.4 MPH)
|
|
Batting: LHB Jose Hilario
|
0-0: Ball 1-0: Ground out 1-3 (Groundball, 13S, EV 61.9 MPH)
|
| Top of the 3rd over - 0 runs, 0 hits, 0 errors, 0 left on base; Minnesota (NYP) 0 - Los Angeles (NYP) 0 |
| BOTTOM OF THE 3RD |
|
Los Angeles (NYP) Angels batting - Pitching for Minnesota (NYP) Twins : LHP Sandy Benitez
|
|
Batting: RHB Malachi Ephron
|
0-0: Ball 1-0: Swinging Strike 1-1: Called Strike 1-2: Strikes out swinging
|
|
Batting: SHB Tim Connell
|
0-0: Called Strike 0-1: SINGLE (Groundball, 6MD, EV 98.8 MPH)
|
|
Batting: LHB Matthew Bale
|
0-0: Ball Tim Connell is caught stealing 2nd base 2-6 1-0: Called Strike 1-1: Called Strike 1-2: Strikes out swinging
|
| Bottom of the 3rd over - 0 runs, 1 hit, 0 errors, 0 left on base; Minnesota (NYP) 0 - Los Angeles (NYP) 0 |
| TOP OF THE 4TH |
|
Minnesota (NYP) Twins batting - Pitching for Los Angeles (NYP) Angels : RHP Javier Carrasco
|
|
Batting: RHB Caleb Bockmann
|
0-0: Ball 1-0: Called Strike 1-1: Swinging Strike 1-2: Foul Ball, location: 2F 1-2: Ball 2-2: DOUBLE (Line Drive, 8LXD, EV 102.5 MPH)
|
|
Batting: RHB Fhil Mikrakin
|
0-0: Called Strike 0-1: Fly out, F7 (Line Drive, 7, EV 98.8 MPH)
|
|
Batting: LHB Hector Olvera
|
0-0: Ball Caleb Bockmann steals 3rd base 1-0: Foul Ball, location: 2F 1-1: Ball 2-1: Fly out, F9 (Line Drive, 9S, EV 100.6 MPH)
|
|
Batting: RHB Nate Matson
|
0-0: Ball 1-0: Foul Ball, location: 2F 1-1: Ball 2-1: Foul Ball, location: 2F 2-2: Strikes out swinging
|
| Top of the 4th over - 0 runs, 1 hit, 0 errors, 1 left on base; Minnesota (NYP) 0 - Los Angeles (NYP) 0 |
| BOTTOM OF THE 4TH |
|
Los Angeles (NYP) Angels batting - Pitching for Minnesota (NYP) Twins : LHP Sandy Benitez
|
|
Batting: RHB Ken Hillman
|
0-0: Called Strike 0-1: Reached on error, E6 (Groundball, 6, EV 91.2 MPH)
|
|
Batting: RHB Scott Webb
|
0-0: Called Strike 0-1: Called Strike 0-2: Foul Ball, location: 2F 0-2: Ball 1-2: Strikes out swinging
|
|
Batting: RHB Dan Myers
|
0-0: Called Strike 0-1: Ball 1-1: Ball 2-1: Ball Ken Hillman steals 3rd base 3-1: Called Strike 3-2: Strikes out swinging
|
|
Batting: RHB Ivan Barrientos
|
0-0: Swinging Strike 0-1: Swinging Strike 0-2: Strikes out swinging
|
| Bottom of the 4th over - 0 runs, 0 hits, 1 error, 1 left on base; Minnesota (NYP) 0 - Los Angeles (NYP) 0 |
| TOP OF THE 5TH |
|
Minnesota (NYP) Twins batting - Pitching for Los Angeles (NYP) Angels : RHP Javier Carrasco
|
|
Batting: LHB Marvin Shepherd
|
0-0: Called Strike 0-1: Ball 1-1: Ball 2-1: Ball 3-1: Called Strike 3-2: Foul Ball, location: 2F 3-2: Foul Ball, location: 2F 3-2: Base on Balls
|
|
Batting: RHB Chris Bejarano
|
0-0: Called Strike 0-1: Ball 1-1: Fly out, F3 (Popup, 23F, EV 82.5 MPH)
|
|
Batting: LHB Ben Roth
|
0-0: Called Strike Marvin Shepherd is caught stealing 2nd base 2-6 0-1: Called Strike 0-2: Ball 1-2: Fly out, F7 (Flyball, 7, EV 86.9 MPH)
|
| Top of the 5th over - 0 runs, 0 hits, 0 errors, 0 left on base; Minnesota (NYP) 0 - Los Angeles (NYP) 0 |
| BOTTOM OF THE 5TH |
|
Los Angeles (NYP) Angels batting - Pitching for Minnesota (NYP) Twins : LHP Sandy Benitez
|
|
Batting: LHB Mario Anguiano
|
0-0: Ground out 4-3 (Groundball, 4, EV 100.0 MPH)
|
|
Batting: RHB Aaron Bryant
|
0-0: Called Strike 0-1: Ball 1-1: Foul Ball, location: 2F 1-2: Fly out, F7 (Flyball, 78S, EV 93.1 MPH)
|
|
Batting: RHB Malachi Ephron
|
0-0: Ball 1-0: Ball 2-0: Ball 3-0: Called Strike 3-1: Base on Balls
|
|
Batting: SHB Tim Connell
|
0-0: Foul Ball, location: 2F 0-1: Fly out, F8 (Line Drive, 8LM, EV 96.9 MPH)
|
| Bottom of the 5th over - 0 runs, 0 hits, 0 errors, 1 left on base; Minnesota (NYP) 0 - Los Angeles (NYP) 0 |
| TOP OF THE 6TH |
|
Minnesota (NYP) Twins batting - Pitching for Los Angeles (NYP) Angels : RHP Javier Carrasco
|
|
Batting: RHB Fernando Bravo
|
0-0: Ball 1-0: Ball 2-0: Foul Ball, location: 2F 2-1: Ball 3-1: Swinging Strike 3-2: Base on Balls
|
|
Batting: LHB Jose Hilario
|
0-0: Ball 1-0: Foul Ball, location: 2F 1-1: Foul Ball, location: 2F 1-2: Ball 2-2: Ball 3-2: SINGLE (Line Drive, 89M, EV 95.0 MPH) Fernando Bravo to second Runner from 2nd tries for 3rd, SAFE, throw by RF made to third
|
|
Batting: RHB Caleb Bockmann
|
0-0: Called Strike 0-1: Ball 1-1: Swinging Strike 1-2: Ball 2-2: Ball 3-2: Base on Balls Jose Hilario to second
|
|
Batting: RHB Fhil Mikrakin
|
0-0: Called Strike 0-1: Ball 1-1: Swinging Strike 1-2: Foul Ball, location: 2F 1-2: Ball 2-2: Ball 3-2: SINGLE (Groundball, 6D, EV 97.5 MPH) Fernando Bravo scores Jose Hilario to third Caleb Bockmann to second
|
|
Pitching: RHP Troy Ingram
|
|
|
Batting: LHB Hector Olvera
|
0-0: Called Strike 0-1: Ball 1-1: Called Strike 1-2: Foul Ball, location: 2F 1-2: Strikes out looking
|
|
Batting: RHB Nate Matson
|
0-0: Ball 1-0: Called Strike 1-1: Called Strike 1-2: SINGLE (Groundball, 56D, EV 103.8 MPH) Jose Hilario scores Caleb Bockmann to third Fhil Mikrakin to second
|
|
Batting: LHB Marvin Shepherd
|
0-0: Foul Ball, location: 2F 0-1: Ball 1-1: Foul Ball, location: 2F 1-2: Ball 2-2: Strikes out looking
|
|
Batting: RHB Chris Bejarano
|
0-0: Ball Wild Pitch! Caleb Bockmann scores Fhil Mikrakin to third Nate Matson to second 1-0: Foul Ball, location: 2F 1-1: Ball 2-1: SINGLE (Flyball, 9S, EV 83.1 MPH) Fhil Mikrakin scores Nate Matson to third
|
|
Pitching: RHP Chris Adams
|
|
|
Batting: LHB Ben Roth
|
0-0: Foul Ball, location: 2F 0-1: Called Strike 0-2: Ball 1-2: Ball 2-2: Ball 3-2: Ground out 1-3 (Groundball, 34S, EV 65.6 MPH)
|
| Top of the 6th over - 4 runs, 4 hits, 0 errors, 2 left on base; Minnesota (NYP) 4 - Los Angeles (NYP) 0 |
| BOTTOM OF THE 6TH |
|
Los Angeles (NYP) Angels batting - Pitching for Minnesota (NYP) Twins : LHP Sandy Benitez
|
|
Batting: LHB Matthew Bale
|
0-0: Ball 1-0: Ball 2-0: Called Strike 2-1: Ball 3-1: Base on Balls
|
|
Batting: RHB Ken Hillman
|
0-0: Fielders Choice at 2nd, 6-4 (Groundball, 6, EV 100.6 MPH)
|
|
Batting: RHB Scott Webb
|
0-0: Grounds into double play, 4-6-3 (Groundball, 4M, EV 91.2 MPH)
|
| Bottom of the 6th over - 0 runs, 0 hits, 0 errors, 0 left on base; Minnesota (NYP) 4 - Los Angeles (NYP) 0 |
| TOP OF THE 7TH |
|
Minnesota (NYP) Twins batting - Pitching for Los Angeles (NYP) Angels : RHP Chris Adams
|
|
Batting: RHB Fernando Bravo
|
0-0: Called Strike 0-1: Foul Ball, location: 2F 0-2: Ball 1-2: Ball 2-2: Foul Ball, location: 2F 2-2: Foul Ball, location: 2F 2-2: Foul Ball, location: 2F 2-2: Ball 3-2: Foul Ball, location: 2F 3-2: Base on Balls
|
|
Batting: LHB Jose Hilario
|
0-0: Called Strike 0-1: Ball 1-1: Bunt missed! 1-2: Foul Ball, location: 2F 1-2: SINGLE (Groundball, 34S, EV 64.4 MPH) (infield hit) Fernando Bravo to second
|
|
Batting: RHB Caleb Bockmann
|
0-0: Bunted foul 0-1: Ball 1-1: Bunt missed! 1-2: Foul Ball, location: 2F 1-2: Ball 2-2: Ball 3-2: Strikes out looking
|
|
Batting: RHB Fhil Mikrakin
|
0-0: Called Strike 0-1: Foul Ball, location: 2F 0-2: Ball 1-2: Strikes out swinging
|
|
Batting: LHB Hector Olvera
|
0-0: Ball 1-0: Foul Ball, location: 2F 1-1: Swinging Strike 1-2: Strikes out swinging
|
| Top of the 7th over - 0 runs, 1 hit, 0 errors, 2 left on base; Minnesota (NYP) 4 - Los Angeles (NYP) 0 |
| BOTTOM OF THE 7TH |
|
Los Angeles (NYP) Angels batting - Pitching for Minnesota (NYP) Twins : LHP Sandy Benitez
|
|
Batting: RHB Dan Myers
|
0-0: Foul Ball, location: 2F 0-1: Foul Ball, location: 2F 0-2: Foul Ball, location: 2F 0-2: Strikes out swinging, 2-3 out at first.
|
|
Batting: RHB Ivan Barrientos
|
0-0: Called Strike 0-1: Ball 1-1: Ball 2-1: Swinging Strike 2-2: Foul Ball, location: 2F 2-2: Strikes out swinging
|
|
Batting: LHB Mario Anguiano
|
0-0: Called Strike 0-1: Ground out 4-3 (Groundball, 4, EV 83.1 MPH)
|
| Bottom of the 7th over - 0 runs, 0 hits, 0 errors, 0 left on base; Minnesota (NYP) 4 - Los Angeles (NYP) 0 |
| TOP OF THE 8TH |
|
Minnesota (NYP) Twins batting - Pitching for Los Angeles (NYP) Angels : RHP Chris Adams
|
|
Batting: RHB Nate Matson
|
0-0: Ball 1-0: Called Strike 1-1: Swinging Strike 1-2: Foul Ball, location: 2F 1-2: Ball 2-2: Strikes out swinging
|
|
Batting: LHB Marvin Shepherd
|
0-0: Ball 1-0: Fly out, F8 (Flyball, 8LD, EV 96.2 MPH)
|
|
Batting: RHB Chris Bejarano
|
0-0: Called Strike 0-1: Ball 1-1: Ball 2-1: Ball 3-1: SINGLE (Flyball, 34D, EV 83.8 MPH)
|
|
Batting: LHB Ben Roth
|
0-0: Ball Chris Bejarano is caught stealing 2nd base 2-6
|
| Top of the 8th over - 0 runs, 1 hit, 0 errors, 0 left on base; Minnesota (NYP) 4 - Los Angeles (NYP) 0 |
| BOTTOM OF THE 8TH |
|
Los Angeles (NYP) Angels batting - Pitching for Minnesota (NYP) Twins : LHP Sandy Benitez
|
|
Batting: RHB Aaron Bryant
|
0-0: Swinging Strike 0-1: Foul Ball, location: 2F 0-2: Foul Ball, location: 2F 0-2: Ball 1-2: Ball 2-2: Strikes out swinging
|
|
Batting: RHB Malachi Ephron
|
0-0: Called Strike 0-1: Ball 1-1: Foul Ball, location: 2F 1-2: Foul Ball, location: 2F 1-2: SINGLE (Groundball, 34D, EV 95.6 MPH)
|
|
Pitching: RHP Takeshi Kusanagi
|
|
|
Batting: SHB Tim Connell
|
0-0: Foul Ball, location: 2F 0-1: Ball 1-1: Foul Ball, location: 2F 1-2: Ball 2-2: Strikes out swinging
|
|
Batting: LHB Matthew Bale
|
0-0: Called Strike 0-1: Ball 1-1: Fielders Choice at 2nd, 5-4 (Groundball, 56, EV 82.5 MPH)
|
| Bottom of the 8th over - 0 runs, 1 hit, 0 errors, 1 left on base; Minnesota (NYP) 4 - Los Angeles (NYP) 0 |
| TOP OF THE 9TH |
|
Minnesota (NYP) Twins batting - Pitching for Los Angeles (NYP) Angels : RHP Chris Adams
|
|
Batting: LHB Ben Roth
|
0-0: Ball 1-0: Swinging Strike 1-1: Fly out, F8 (Line Drive, 8LD, EV 83.8 MPH)
|
|
Batting: RHB Fernando Bravo
|
0-0: Foul Ball, location: 2F 0-1: Foul Ball, location: 2F 0-2: Foul Ball, location: 2F 0-2: Foul Ball, location: 2F 0-2: Ball 1-2: Fly out, F7 (Flyball, 7LS, EV 74.4 MPH)
|
|
Batting: LHB Jose Hilario
|
0-0: Ball 1-0: Called Strike 1-1: Swinging Strike 1-2: Strikes out swinging
|
| Top of the 9th over - 0 runs, 0 hits, 0 errors, 0 left on base; Minnesota (NYP) 4 - Los Angeles (NYP) 0 |
| BOTTOM OF THE 9TH |
|
Los Angeles (NYP) Angels batting - Pitching for Minnesota (NYP) Twins : RHP Takeshi Kusanagi
|
|
Batting: RHB Ken Hillman
|
0-0: Called Strike 0-1: Fly out, F7 (Flyball, 7D, EV 103.8 MPH)
|
|
Batting: RHB Scott Webb
|
0-0: SINGLE (Groundball, 56, EV 100.6 MPH)
|
|
Batting: RHB Dan Myers
|
0-0: Ball 1-0: Called Strike 1-1: Swinging Strike 1-2: Ball 2-2: Strikes out looking
|
|
Batting: RHB Ivan Barrientos
|
0-0: Ball 1-0: Called Strike 1-1: Swinging Strike 1-2: Ball 2-2: Ball 3-2: Strikes out swinging
|
| Bottom of the 9th over - 0 runs, 1 hit, 0 errors, 1 left on base; Minnesota (NYP) 4 - Los Angeles (NYP) 0 |
|